 Dungeon Crawl Stone Soup version 0.27-a0-909-g0721f309d1 (webtiles) character file.

Game seed: 17130862624384447421

7 kae the Insei (level 1, -4/16 HPs)
             Began as a Demonspawn Gladiator on Apr 8, 2021.
             Slain by a kobold
             ... wielding a +0 short sword
              (6 damage)
             ... on level 1 of the Dungeon.
             The game lasted 00:00:09 (246 turns).

kae the Insei (Demonspawn Gladiator)                 Turns: 246, Time: 00:00:09

Health: -4/16      AC:  4    Str: 14    XL:     1   Next: 83%
Magic:  1/1        EV:  9    Int:  9    God:
Gold:   0          SH:  0    Dex: 14    Spells: 0/0 levels left

rFire    . . .     SeeInvis .     - Unarmed
rCold    . . .     Faith    .   (no shield)
rNeg     . . .     Spirit   .   a - +0 leather armour
rPois    .         Reflect  .   b - +0 helmet
rElec    .         Harm     .   (no cloak)
rCorr    .         Rampage  .   (no gloves)
Will     .....                  (no boots)
Stlth    +.........             (no amulet)
HPRegen  0.05/turn              (no ring)
MPRegen  0.07/turn              (no ring)

@: constricted
A: no striking features
a: no special abilities


You were on level 1 of the Dungeon.
You visited 1 branch of the dungeon, and saw 1 of its levels.

Inventory:

Missiles
 c - 3 throwing nets (quivered)
Armour
 a - a +0 leather armour (worn)
 b - a +0 helmet (worn)
Potions
 d - a potion of mutation {unknown}
 e - a potion of heal wounds {unknown}


   Skills:
 + Level 2.1 Fighting
 - Level 1.7 Throwing
 + Level 2.8 Dodging
 * Level 2.9 Unarmed Combat


You couldn't memorise any spells.
You didn't know any spells.
Your spell library was empty.

Dungeon Overview and Level Annotations

Branches:
Dungeon (1/15)

Altars:


Message History

The frilled lizard is heavily wounded.
The kobold hits you with a +0 short sword.
The endoplasm freezes you.
You are frozen.
The frilled lizard barely misses you.
You miss the frilled lizard.
The frilled lizard is heavily wounded.
The kobold hits you with a +0 short sword.
The frilled lizard closely misses you.
The ball python bites you but does no damage.
The ball python closely misses you. The endoplasm freezes you.
You are frozen.
There are monsters nearby!
You are too injured to fight recklessly!
You are too injured to fight recklessly!
You are too injured to fight recklessly!
You are too injured to fight recklessly!
You are too injured to fight recklessly!
You are too injured to fight recklessly!
You hit the ball python.
The ball python is severely wounded.
The kobold closely misses you. The ball python misses you.
The ball python grabs you. The ball python constricts you.
The frilled lizard closely misses you. The endoplasm freezes you.
You are frozen.
You closely miss the ball python.
The ball python is severely wounded.
The ball python bites you but does no damage.
The ball python constricts you. The kobold completely misses you.
You closely miss the ball python.
The ball python is severely wounded.
The frilled lizard bites you.
* * * LOW HITPOINT WARNING * * *
The endoplasm closely misses you.
The ball python bites you but does no damage.
* * * LOW HITPOINT WARNING * * *
The ball python constricts you.
The kobold hits you with a +0 short sword.
You die...

.##........#..
###.##.##..... ...
##...#†##..... ...
...#.#.....#.. ..#
##...†.......###.#######
(#...........#$#.......#
#.##.......##.##.......#
.#.#.......#.#.SK.......
. #.##...##.##..@l......
..#.#...#.#...##J......
... #.###.##..## .......
.....#...#...## .......
#....#...#..## ...>...
##...#).(#.## ...?..#
##..#####.# ####### #..
..# #.. ##


You could see an endoplasm, a ball python, a kobold and a frilled lizard.

Vanquished Creatures
  An endoplasm (D:1)
  A giant cockroach (D:1)
  A ball python (D:1)
  A bat (D:1)
  2 frilled lizards (D:1)
  2 rats (D:1)
8 creatures vanquished.

Notes
Turn   | Place    | Note
-------+----------+-------------------------------------------
     0 | D:1      | kae the Demonspawn Gladiator began the quest for the Orb.
     0 | D:1      | Reached XP level 1. HP: 16/16 MP: 1/1
   246 | D:1      | Slain by a kobold

Illustrated notes

Levels and vault maps discovered:
D:1:      dpeg_arrival_short_road, layout_rooms,
          chequers_ecumenical_altar_simple_redux, minmay_vboxes

Action                   || total
-------------------------++-------
Melee: Unarmed           ||    40
Armor: Leather armour    ||    23
Dodge: Dodged            ||    39

Table legend: (Time is in decaauts)
 A = Elapsed time spent in this place.
 B = Non-inter-level travel time spent in this place.
 C = Inter-level travel time spent in this place.
 D = Time resting spent in this place.
 E = Time spent auto-exploring this place.
 F = Levels seen in this place.
 G = Mean time per level.
                   A        B        C        D        E       F      G
               +--------+--------+--------+--------+--------+-----+--------+
         Total |    244 |    244 |      0 |      0 |    178 |   1 |  244.0 |
       Dungeon |    244 |    244 |      0 |      0 |    178 |   1 |  244.0 |
               +--------+--------+--------+--------+--------+-----+--------+

Top non-repeatable levels by time:
     D:1: 244 daAuts
